 Dungeon Crawl Stone Soup version 0.24-a0-139-geb6712d (webtiles) character file.

Game seed: 14164628420917459239

273 Dfrag the Firebug (level 6, 41/41 HPs)
             Began as a Demonspawn Fire Elementalist on Mar 4, 2019.
             Quit the game on level 3 of the Dungeon.
             The game lasted 00:05:53 (3090 turns).

Dfrag the Firebug (Demonspawn Fire Elementalist)    Turns: 3090, Time: 00:05:54

Health: 41/41      AC:  5    Str:  8    XL:     6   Next: 2%
Magic:  5/11       EV: 12    Int: 18    God:
Gold:   170        SH:  0    Dex: 17    Spells: 4/12 levels left

rFire    . . .     SeeInvis .   k - +0 dagger
rCold    . . .     Gourm    +   (no shield)
rNeg     . . .     Faith    .   a - +0 robe
rPois    .         Spirit   +   (helmet restricted)
rElec    .         Reflect  .   (no cloak)
rCorr    .         Harm     .   b - +2 pair of gloves {Dex+3}
MR       .....                  (no boots)
Stlth    +++.......             l - amulet of the gourmand
HPRegen  0.13/turn              n - ring of wizardry
MPRegen  0.12/turn              (no ring)

@: no status effects
A: antennae 1, nightstalker 1, magic shield
a: no special abilities


You were on level 3 of the Dungeon.
You were completely stuffed.

You visited 1 branch of the dungeon, and saw 3 of its levels.

You collected 170 gold pieces.

Inventory:

Hand Weapons
 j - a +0 vampiric whip
 k - a +0 dagger (weapon)
Armour
 a - a +0 robe (worn)
 b - a +2 pair of gloves of dexterity (worn)
 p - a +1 helmet
Jewellery
 l - an amulet of the gourmand (around neck)
 n - a ring of wizardry (left hand)
 q - an uncursed ring of positive energy {unknown}
Wands
 o - a wand of random effects (19)
Scrolls
 e - 2 scrolls of enchant weapon {unknown}
 f - a scroll of teleportation {unknown}
 i - a scroll of magic mapping {unknown}
 r - 3 scrolls of identify {unknown}
 t - 2 scrolls of enchant armour {unknown}
Potions
 d - 2 potions of heal wounds {unknown}
 g - a potion of agility {unknown}
 h - a potion of degeneration {unknown}
 m - 3 potions of brilliance {unknown}
 u - a potion of resistance {unknown}
 v - a potion of cancellation {unknown}
 w - 2 potions of curing {unknown}
Comestibles
 c - 5 rations
 s - 5 chunks of flesh


   Skills:
 - Level 1.7 Dodging
 - Level 1.7 Stealth
 + Level 3.7 Spellcasting
 + Level 3.4 Conjurations
 + Level 4.1 Fire Magic


You had 4 spell levels left.
You knew the following spells:

 Your Spells              Type           Power        Failure   Level  Hunger
a - Flame Tongue          Conj/Fire      ###..        1%          1    None
b - Conjure Flame         Conj/Fire      ###.....     4%          3    ###....
c - Sticky Flame          Conj/Fire      ###.....     12%         4    ####...

Your spell library contained the following spells:

 Spells                   Type           Power        Failure   Level  Hunger
 Throw Flame              Conj/Fire      ###...       1%          2    ##.....
 Animate Skeleton         Necr           N/A          6%          1    None
 Apportation              Tloc           #.....       6%          1    None
 Confusing Touch          Hex            #.....       6%          1    None
 Summon Small Mammal      Summ           #...         6%          1    None
 Inner Flame              Hex/Fire       ##......     8%          3    ###....
 Fireball                 Conj/Fire      ###.......   32%         5    ######.


Dungeon Overview and Level Annotations

Branches:
Dungeon (3/15)

Altars:
Hepliaklqana


Innate Abilities, Weirdness & Mutations

You have a pair of small antennae on your head.
You are slightly more attuned to the shadows.
When hurt, damage is shared between your health and your magic reserves.


Message History

Press: ? - help, Shift-Dir - straight line, f/p - Natasha
Aim: Natasha (heavily wounded, covered in liquid flames)
The flame tongue hits Natasha!
You kill Natasha!
You feel Natasha's spirit has finally been put to rest.
You have reached level 6!
Your experience leads to an increase in your attributes!
Your base attributes are Str 8, Int 17, Dex 14.
Increase (S)trength, (I)ntelligence, or (D)exterity?
You feel clever.
You feel monstrous as your demonic heritage exerts itself.
Your demonic ancestry asserts itself...
A pair of antennae grows on your head!
Your +1 helmet falls away!
w - 2 fizzy purple potions You see here the felid corpse of Natasha.
You butcher the felid corpse of Natasha.
s - 5 chunks of flesh (gained 2)
You see here the felid skeleton of Natasha.
Are you sure you want to abandon this character and quit the game? (Confirm with "yes".)

#...............[........#
#####.##..##.#..##########
#.##..##(#..# #...........#
####........# #######.## ###
###### ###.######.###.....
#.........#.÷..#
#.#@####.###÷..# #.#÷###.##
##..## #########....#.##
##..# #.......#.......##
##...#
#>#####.#....###.###....###.
##.##(........# #..#.........
#........#.#.####.#.####.####
#..##.##.#........### #.#
#..##.##.###'###### #.##


There were no monsters in sight!

Vanquished Creatures
  An orc priest (D:3)
  Natasha (thrice) (D:3)
  Robin (D:2)
  5 adders
  A worm (D:2)
  2 dart slugs
  A leopard gecko (D:2)
  6 orcs (D:3)
  A ball python (D:2)
  10 bats
  2 giant cockroaches (D:1)
  20 goblins
  11 hobgoblins
  10 jackals
  12 kobolds
  3 frilled lizards (D:2)
  5 rats
94 creatures vanquished.

Notes
Turn   | Place    | Note
-------+----------+-------------------------------------------
     0 | D:1      | Dfrag the Demonspawn Fire Elementalist began the quest for
                  | the Orb.
     0 | D:1      | Reached XP level 1. HP: 13/13 MP: 3/3
   206 | D:1      | Gained mutation: When hurt, damage is shared between your
                  | health and your magic reserves. [demonic ancestry]
   206 | D:1      | Reached XP level 2. HP: 14/19 MP: 3/5
   378 | D:1      | Reached skill level 3 in Fire Magic
   737 | D:1      | Reached XP level 3. HP: 24/24 MP: 2/6
  1242 | D:2      | Found a hazy altar of Hepliaklqana.
  1298 | D:2      | Noticed Robin
  1430 | D:2      | Gained mutation: You are slightly more attuned to the
                  | shadows. [demonic ancestry]
  1430 | D:2      | Reached XP level 4. HP: 29/30 MP: 1/8
  1839 | D:2      | Learned a level 3 spell: Conjure Flame
  1844 | D:2      | Learned a level 4 spell: Sticky Flame
  2167 | D:2      | Killed Robin
  2388 | D:3      | Reached XP level 5. HP: 35/35 MP: 2/9
  2887 | D:3      | Noticed Natasha
  2891 | D:3      | Killed Natasha
  2891 | D:3      | Reached skill level 4 in Fire Magic
  3018 | D:3      | Noticed Natasha
  3025 | D:3      | Killed Natasha
  3080 | D:3      | Noticed Natasha
  3084 | D:3      | Killed Natasha
  3084 | D:3      | Gained mutation: You have a pair of small antennae on your
                  | head. [demonic ancestry]
  3084 | D:3      | Reached XP level 6. HP: 41/41 MP: 5/11
  3090 | D:3      | Quit the game

Levels and vault maps discovered:
D:1:      evilmike_arrival_sounds_zot, layout_loops_corners,
          minmay_tree_intersection, supply_closet_lemuel,
          chequers_serial_rivers_room_a
D:2:      layout_loops_cross, lemuel_crystal_altar, uniq_robin
D:3:      layout_loops_corners, uniq_natasha

Skill      XL: |  1  2  3  4  5 |
---------------+----------------+-----
Fire Magic     | 3 4 |  4.1
Conjurations   | 2 3 |  3.4
Spellcasting   | 3 |  3.7
Dodging        | |  1.7
Stealth        | |  1.7

Action                   |  1- 3 |  4- 6 || total
-------------------------+-------+-------++-------
Melee: Unarmed           |    49 |       ||    49
       Dagger            |    12 |    75 ||    87
 Cast: Flame Tongue      |    75 |    86 ||   161
       Sticky Flame      |       |     1 ||     1
 Stab: Sleeping          |     1 |       ||     1
  Eat: Chunk             |     8 |    12 ||    20
Armor: Robe              |    32 |    27 ||    59
Dodge: Dodged            |    76 |    61 ||   137

Table legend:
 A = Non-vault XP
 B = Vault XP
 C = Vault XP percentage of total XP
 D = Non-vault monster count
 E = Vault monster count
 F = Vault count percentage of total count
                 A         B        C        D         E       F
            +---------+---------+-------+---------+---------+-------
      Total |     318 |      72 |  18.5 |      81 |      13 |  13.8
            +---------+---------+-------+---------+---------+-------
        D:1 |      55 |       0 |   0.0 |      30 |       0 |   0.0
        D:2 |      69 |      37 |  34.9 |      26 |      12 |  31.6
        D:3 |     194 |      35 |  15.3 |      25 |       1 |   3.8
            +---------+---------+-------+---------+---------+-------
